 Dungeon Crawl Stone Soup version 0.29-a0-360-g8ed1089bbe (webtiles) character file.

Game seed: 7341669120882563896

734 zeratav the Archer (level 7, 0/40 HPs)
             Began as a Tengu Hunter on Apr 28, 2022.
             Was an Initiate of Gozag.
             Succumbed to a scorpion's poison
             ... on level 6 of the Dungeon.
             The game lasted 00:08:03 (3705 turns).

zeratav the Archer (Tengu Hunter)                   Turns: 3705, Time: 00:08:04

Health: 0/40       AC:  4    Str: 12    XL:     7   Next: 74%
Magic:  8/8        EV: 15    Int:  9    God:    Gozag
Gold:   79         SH:  0    Dex: 19    Spells: 6/6 levels left

rFire   . . .      SeeInvis .   a - +1 shortbow {bow}
rCold   . . .      Faith    .   (shield currently unavailable)
rNeg    . . .      Spirit   .   k - +1 robe {Will+}
rPois   .          Reflect  .   (helmet restricted)
rElec   .          Harm     .   g - +0 cloak
rCorr   .          Rampage  .   (no gloves)
Will    +....                   (boots unavailable)
Stlth   ++........              (no amulet)
HPRegen 0.13/turn               (no ring)
MPRegen 0.11/turn               (no ring)

@: lethally poisoned (0 -> -11), gold aura, flying quickly and evasively, quick
A: beak, talons 3, nimble flight
a: Renounce Religion, Potion Petition, Call Merchant, Bribe Branch


You were on level 6 of the Dungeon.
You worshipped Gozag.
Gozag was noncommittal.
You visited 2 branches of the dungeon, and saw 7 of its levels.

You collected 285 gold pieces.
You spent 77 gold pieces at shops.
You paid 129 gold pieces to Gozag.


Innate Abilities, Weirdness & Mutations

You have a beak for a mouth.
You have claws for feet.
Your magical nature lets you fly swiftly and evasively.


   Skills:
 - Level 2.0 Fighting
 + Level 10.1 Bows
 - Level 2.1 Dodging
 - Level 1.0 Stealth


You had 6 spell levels left.
You didn't know any spells.
Your spell library contained the following spells:

 Spells                   Type           Power      Damage    Failure   Level
 Sublimation of Blood     Necr           0%         N/A       52%         2
 Wereblood                Tmut           0%         N/A       52%         2
 Gell's Gravitas          Tloc           0%         N/A       77%         3
 Ozocubu's Armour         Ice            0%         N/A       77%         3
 Teleport Other           Tloc           0%         N/A       77%         3
 Leda's Liquefaction      Hex/Erth       0%         N/A       99%         4
 Petrify                  Tmut/Erth      0%         N/A       99%         4
 Agony                    Necr           0%         N/A       100%        5
 Dispersal                Tloc           0%         N/A       100%        6
 Ozocubu's Refrigeration  Ice            0%         4d5       100%        7
 Summon Hydra             Summ           0%         N/A       100%        7

Inventory:

Hand Weapons
 a - a +1 shortbow (weapon) {bow}
 v - a +2 hand axe of freezing {axe}
   (You took it off an orc on level 5 of the Dungeon)
Armour
 g - a +0 cloak (worn)
   (You found it on level 1 of the Dungeon)
 k - a +1 robe of willpower (worn)
   (You bought it in a shop on level 2 of the Dungeon)
 s - a +2 ring mail of poison resistance
   (You found it on level 6 of the Dungeon)
Wands
 t - a wand of polymorph (3)
   (You took it off Ijyb on level 5 of the Dungeon)
Scrolls
 b - a scroll of silence {unknown}
 c - a scroll of immolation {!r!r}
 l - 2 scrolls of vulnerability {!r!r}
 m - a scroll of identify {@r1}
 n - a scroll of teleportation {@r4}
 p - 2 scrolls of noise {!r}
 r - a scroll of fear
Potions
 d - a potion of invisibility {unknown}
 e - 2 potions of cancellation
 f - 2 potions of attraction {!q}
 h - a potion of mutation {unknown}
 i - 4 potions of curing {unknown}
 j - a potion of brilliance {unknown}
 o - a potion of haste {unknown}
 q - a potion of might {unknown}

Dungeon Overview and Level Annotations

Branches:
Dungeon (6/15)             Temple (1/1) D:5

Altars:
Ashenzari
Dithmenos
Elyvilon
Fedhas
Gozag
Hepliaklqana
Kikubaaqudgha
Makhleb
Nemelex Xobeh
Ru
Sif Muna
Uskayaw
Vehumet
Wu Jian
Yredelemnul
The Shining One

Shops:
D:2 [

Portals:
Sewer: D:6

##. #.....#
#.....# #......#.#
##.##.##.# #.
####.# # #.#####
#.....#
.#.#.#####.$...###
....$$s@..........
.#.#######........
#.....### ###.###
.# $ .# .. #


You could see a scorpion.


Message History

Aim: a gnoll shaman, wielding a +0 whip and wearing a +0 leather armour (unaware, hasn't noticed you, 71% to hit)
You shoot an arrow.
The arrow closely misses the gnoll shaman.
The gnoll shaman shouts!
The arrow hits the scorpion.
The gnoll shaman is no longer distracted by gold.
Shoot: a) +1 shortbow {bow}
Press: ? - help, Shift-Dir - straight line, f/p - gnoll shaman
Aim: a gnoll shaman, wielding a +0 whip and wearing a +0 leather armour (71% to hit)
You shoot an arrow. The arrow hits the gnoll shaman.
You hear the rusting of a drain nearby.
You hear the slow hiss of a distant avalanche of sand.
HP[+1] Shoot: a) +1 shortbow {bow}
Press: ? - help, Shift-Dir - straight line, f/p - gnoll shaman
Aim: a gnoll shaman, wielding a +0 whip and wearing a +0 leather armour (lightly wounded, 71% to hit)
You shoot an arrow. The arrow hits the gnoll shaman.
The scorpion is distracted by your dazzling golden aura.
The gnoll shaman misses you.
Shoot: a) +1 shortbow {bow}
Press: ? - help, Shift-Dir - straight line, f/p - gnoll shaman
Aim: a gnoll shaman, wielding a +0 whip and wearing a +0 leather armour (moderately wounded, 71% to hit)
You shoot an arrow. The arrow hits the gnoll shaman.
The gnoll shaman calls down the wrath of its god upon you.
You resist with almost no effort.
Shoot: a) +1 shortbow {bow}
Press: ? - help, Shift-Dir - straight line, f/p - gnoll shaman
Aim: a gnoll shaman, wielding a +0 whip and wearing a +0 leather armour (heavily wounded, 71% to hit)
You shoot an arrow.
The arrow hits the gnoll shaman but does no damage.
The gnoll shaman hits you with a +0 whip!
* * * LOW HITPOINT WARNING * * *
HP[-12]
You take 12 damage, and now have 13/40 hp.
MASSIVE DAMAGE!! (PAUSE) Shoot: a) +1 shortbow {bow}
Press: ? - help, Shift-Dir - straight line, f/p - gnoll shaman
Aim: a gnoll shaman, wielding a +0 whip and wearing a +0 leather armour (heavily wounded, 71% to hit)
You shoot an arrow.
The arrow closely misses the gnoll shaman.
The arrow hits the scorpion!
The scorpion is no longer distracted by gold.
The gnoll shaman closely misses you.
Shoot: a) +1 shortbow {bow}
Press: ? - help, Shift-Dir - straight line, f/p - gnoll shaman
Aim: a gnoll shaman, wielding a +0 whip and wearing a +0 leather armour (heavily wounded, 71% to hit)
You shoot an arrow. The arrow hits the gnoll shaman.
The gnoll shaman misses you.
Shoot: a) +1 shortbow {bow}
Press: ? - help, Shift-Dir - straight line, f/p - gnoll shaman
Aim: a gnoll shaman, wielding a +0 whip and wearing a +0 leather armour (heavily wounded, 71% to hit)
You shoot an arrow. The arrow hits the gnoll shaman.
The gnoll shaman invokes the aid of its god against you.
You resist with almost no effort.
Shoot: a) +1 shortbow {bow}
Press: ? - help, Shift-Dir - straight line, f/p - gnoll shaman
Aim: a gnoll shaman, wielding a +0 whip and wearing a +0 leather armour (almost dead, 71% to hit)
You shoot an arrow. The arrow hits the gnoll shaman!
You kill the gnoll shaman!
Shoot: a) +1 shortbow {bow}
Press: ? - help, Shift-Dir - straight line, f - scorpion
Aim: a scorpion (almost dead, 68% to hit)
You shoot an arrow.
The arrow hits the scorpion but does no damage.
The scorpion barely misses you. The scorpion stings you.
* * * LOW HITPOINT WARNING * * *
HP[-5]
You take 5 damage, and now have 8/40 hp.
Shoot: a) +1 shortbow {bow}
Press: ? - help, Shift-Dir - straight line, f/p - scorpion
Aim: a scorpion (almost dead, 68% to hit)
You shoot an arrow.
The arrow completely misses the scorpion.
The scorpion misses you.
Shoot: a) +1 shortbow {bow}
Press: ? - help, Shift-Dir - straight line, f/p - scorpion
Aim: a scorpion (almost dead, 68% to hit)
You shoot an arrow.
The arrow hits the scorpion but does no damage.
The scorpion stings you.
* * * LOW HITPOINT WARNING * * *
You are lethally poisoned!
The scorpion poisons you!
HP[-2]
You take 2 damage, and now have 6/40 hp.
Shoot: a) +1 shortbow {bow}
Press: ? - help, Shift-Dir - straight line, f/p - scorpion
Aim: a scorpion (almost dead, 68% to hit)
You shoot an arrow. The arrow closely misses the scorpion.
* * * LOW HITPOINT WARNING * * *
You feel very sick. The scorpion completely misses you.
HP[-3]
You take 3 damage, and now have 3/40 hp.
Shoot: a) +1 shortbow {bow}
Press: ? - help, Shift-Dir - straight line, f/p - scorpion
Aim: a scorpion (almost dead, 68% to hit)
You shoot an arrow. The arrow closely misses the scorpion.
You die...
Your body crumbles into a pile of gold.

Skill      XL: |  1  2  3  4  5  6  7 |
---------------+----------------------+-----
Bows           | 5 6 7 8 10 | 10.1
Fighting       | |  2.0
Dodging        | |  2.1
Stealth        | |  1.0

Action                   |  1- 3 |  4- 6 |  7- 9 || total
-------------------------+-------+-------+-------++-------
 Fire: Shortbow          |    54 |   173 |    82 ||   309
  Use: Scroll            |       |     8 |       ||     8
Armor: Leather armour    |     5 |       |       ||     5
       Robe              |       |     2 |     3 ||     5
Dodge: Dodged            |    10 |    29 |    27 ||    66

Levels and vault maps discovered:
D:1:      beargit_arrival_diablo_church, layout_loops_ring,
          chequers_ecumenical_altar_simple,
          nicolae_concentric_dashed_squares_mild, chequers_serial_rivers_micro_b
D:2:      layout_loops_corners, serial_shops, nicolae_shop_overgrown_old_shop,
          basic_altar
D:3:      layout_rooms, nicolae_overflow_hidden_temple, minmay_close_crescents
D:4:      layout_loops_ring
D:5:      layout_rooms, minmay_temple_entry_gardened_gates, uniq_ijyb
D:6:      layout_loops_ring, lemuel_doored_altar, enter_ossuary_5,
          cheibrodos_sewer_entry_sluice
Temple:   eino_temple_lava

Notes
Turn   | Place    | Note
-------+----------+-------------------------------------------
     0 | D:1      | zeratav the Tengu Hunter began the quest for the Orb.
     0 | D:1      | Reached XP level 1. HP: 12/12 MP: 2/2
     0 | D:1      | magus.rc [v1.9.6]
    85 | D:1      | Found a faded altar of an unknown god.
    99 | D:1      | You add the spells Leda's Liquefaction, Petrify and Agony
                  | to your library.
    99 | D:1      | Got the Grimoire of Dusty Darkness
   137 | D:1      | Reached XP level 2. HP: 17/17 MP: 3/3
   176 | D:1      | Reached skill level 5 in Bows
   225 | D:1      | You add the spells Ozocubu's Armour and Ozocubu's
                  | Refrigeration to your library.
   493 | D:1      | Reached XP level 3. HP: 21/21 MP: 4/4
   769 | D:2      | Noticed a phantom
   778 | D:2      | Killed a phantom
   779 | D:2      | Reached skill level 6 in Bows
   779 | D:2      | Reached XP level 4. HP: 15/26 MP: 5/5
   912 | D:2      | Found a shadowy altar of Dithmenos.
   943 | D:2      | Gained mutation: Your magical nature lets you fly swiftly
                  | and evasively. [Tengu growth]
   943 | D:2      | Reached XP level 5. HP: 30/30 MP: 6/6
  1250 | D:2      | Reached skill level 7 in Bows
  1308 | D:2      | Found Taohiu's Antique Armour Shoppe.
  1315 | D:2      | Bought a runed robe for 77 gold pieces
  1821 | D:3      | You add the spells Gell's Gravitas, Teleport Other and
                  | Dispersal to your library.
  2189 | D:3      | Found a radiant altar of Vehumet.
  2190 | D:3      | Found an ornate altar of the Wu Jian Council.
  2302 | D:4      | Reached XP level 6. HP: 31/35 MP: 7/7
  2340 | D:4      | You pick up a book of Blood and begin reading...
  2340 | D:4      | You add the spells Sublimation of Blood, Wereblood and
                  | Summon Hydra to your library.
  2449 | D:4      | Reached skill level 8 in Bows
  2830 | D:5      | Entered Level 5 of the Dungeon
  2880 | D:5      | Noticed an ice beast
  2889 | D:5      | Killed an ice beast
  3028 | D:5      | Noticed Ijyb
  3073 | D:5      | Killed Ijyb
  3074 | D:5      | Reached XP level 7. HP: 40/40 MP: 8/8
  3095 | D:5      | HP: 8/40 [scorpion (5)]
  3097 | D:5      | Reached skill level 9 in Bows
  3464 | D:5      | Found a staircase to the Ecumenical Temple.
  3494 | Temple   | Entered the Ecumenical Temple
  3561 | Temple   | Became a worshipper of Gozag Ym Sagoz the Greedy
  3619 | D:6      | Found a glowing drain.
  3682 | D:6      | Reached skill level 10 in Bows
  3701 | D:6      | HP: 8/40 [scorpion (6)]
  3704 | D:6      | HP: 3/40 [poisoned by a scorpion]
  3705 | D:6      | Succumbed to a scorpion's poison

Vanquished Creatures
  An ice beast (D:5)
  An ogre (D:5)
  A phantom (D:2)
  A scorpion (D:5)
  A jelly (D:5)
  2 hounds (D:4)
  A gnoll shaman (D:6)
  2 iguanas (D:5)
  Ijyb (D:5)
  5 gnolls (D:6)
  A river rat (D:6)
  5 adders
  5 worms
  2 dart slugs
  13 orcs
  4 endoplasms
  7 giant cockroaches
  11 goblins
  6 hobgoblins
  7 jackals
  2 quokkas (D:2)
  10 ball pythons
  2 bats
  4 frilled lizards
  10 kobolds
  4 rats
109 creatures vanquished.

Vanquished Creatures (others)
  6 plants (D:5)
6 creatures vanquished.

Grand Total: 115 creatures vanquished

Table legend:
 A = Non-vault XP
 B = Vault XP
 C = Vault XP percentage of total XP
 D = Non-vault monster count
 E = Vault monster count
 F = Vault count percentage of total count
                 A         B        C        D         E       F
            +---------+---------+-------+---------+---------+-------
      Total |     993 |      56 |   5.3 |     104 |       5 |   4.6
            +---------+---------+-------+---------+---------+-------
        D:1 |      37 |       0 |   0.0 |      22 |       0 |   0.0
        D:2 |     174 |       0 |   0.0 |      27 |       0 |   0.0
        D:3 |      46 |       6 |  11.5 |      15 |       3 |  16.7
        D:4 |     137 |       0 |   0.0 |      18 |       0 |   0.0
        D:5 |     488 |      36 |   6.9 |      16 |       1 |   5.9
        D:6 |     111 |      14 |  11.2 |       6 |       1 |  14.3
            +---------+---------+-------+---------+---------+-------

Illustrated notes

Table legend:
 A = Kills in this place as a percentage of kills in entire the game.
 B = Kills by you in this place as a percentage of kills by you in the entire game.
 C = Kills by friends in this place as a percentage of kills by friends in the entire game.
 D = Other kills in this place as a percentage of other kills in the entire game.
 E = Experience gained in this place as a percentage of experience gained in the entire game.
 F = Experience gained in this place divided by the number of levels of this place that you have seen.
                   A       B       C       D       E      F
               +-------+-------+-------+-------+-------+----------------------
         Total | 100.0 | 100.0 |   N/A |   N/A | 100.0 | 149.9
       Dungeon | 100.0 | 100.0 |   N/A |   N/A | 100.0 | 174.8
               +-------+-------+-------+-------+-------+----------------------

Table legend: (Time is in decaauts)
 A = Elapsed time spent in this place.
 B = Non-inter-level travel time spent in this place.
 C = Inter-level travel time spent in this place.
 D = Time resting spent in this place.
 E = Time spent auto-exploring this place.
 F = Levels seen in this place.
 G = Mean time per level.
                   A        B        C        D        E       F      G
               +--------+--------+--------+--------+--------+-----+--------+
         Total |   3539 |   3422 |    117 |    267 |   2501 |   7 |  505.6 |
       Dungeon |   3470 |   3374 |     96 |    267 |   2460 |   6 |  578.3 |
        Temple |     69 |     49 |     20 |      0 |     41 |   1 |   69.0 |
               +--------+--------+--------+--------+--------+-----+--------+

Top non-repeatable levels by time:
     D:2: 912 daAuts
     D:1: 760 daAuts
     D:5: 652 daAuts
     D:4: 562 daAuts
     D:3: 470 daAuts
     D:6: 113 daAuts
  Temple: 69 daAuts
